 Dungeon Crawl Stone Soup version 0.18-a0-1014-g3bbf375 (webtiles) character file.

79 coffecat the Conjurer (level 4, -10/24 HPs)
             Began as a Deep Elf Conjurer on Jan 6, 2016.
             Mangled by vatarom's ghost (11 damage)
             ... on level 3 of the Dungeon.
             The game lasted 00:09:17 (3138 turns).

coffecat the Conjurer (Deep Elf Conjurer)           Turns: 3138, Time: 00:09:18

Health: -10/24     AC:  2    Str:  5    XL:     4   Next: 16%
Magic:  1/12       EV: 13    Int: 21    God:
Gold:   56         SH:  0    Dex: 15    Spells: 3 memorised, 5 levels left

rFire  . . .     SeeInvis .     (no weapon)
rCold  . . .     Gourm    .     a - +0 robe
rNeg   . . .     Faith    .     (no shield)
rPois  .         Spirit   .     (no helmet)
rElec  .         Dismiss  .     (no cloak)
rCorr  .         Reflect  .     (no gloves)
SustAt .         Harm     .     (no boots)
MR     .....                    (no amulet)
Stlth  ++........               (no ring)
                                (no ring)

@: not resistant to hostile enchantments, unstealthy
A: no striking features
a: no special abilities


You were on level 3 of the Dungeon.
You were hungry.

You visited 1 branch of the dungeon, and saw 3 of its levels.

You collected 56 gold pieces.

Inventory:

Armour
 a - a +0 robe (worn)
Wands
 m - a wand of random effects (21/48)
Scrolls
 i - 2 scrolls of identify {unknown}
 j - 2 scrolls of teleportation {unknown}
 k - 2 scrolls of random uselessness {unknown}
 l - a scroll of magic mapping {unknown}
 o - a scroll of remove curse {unknown}
Potions
 d - 2 potions of heal wounds {unknown}
 e - a potion of agility {unknown}
 g - a potion of brilliance {unknown}
 h - 2 potions of curing
Books
 b - a book of Conjurations

   Spells                             Type                      Level
   a - Magic Dart                     Conjuration                  1
   b - Searing Ray                    Conjuration                  2
   c - Dazzling Spray                 Conjuration/Hexes            3
   d - Fulminant Prism                Conjuration/Hexes            4
   e - Iskenderun's Mystic Blast      Conjuration                  4
   f - Iskenderun's Battlesphere      Conjuration/Charms           5
Comestibles
 c - 3 bread rations
 f - 3 fruits
 n - a meat ration


   Skills:
 + Level 0.2 Fighting
 + Level 2.9 Dodging
 + Level 2.9 Stealth
 + Level 4.2 Spellcasting
 + Level 5.2 Conjurations


You had 5 spell levels left.
You knew the following spells:

 Your Spells              Type           Power        Failure   Level  Hunger
a - Magic Dart            Conj           ####         1%          1    None
b - Searing Ray           Conj           ####..       1%          2    #......
c - Dazzling Spray        Conj/Hex       ###.....     14%         3    ###....


Dungeon Overview and Level Annotations

Branches:
Dungeon (3/15)

Altars:
Dithmenos
Makhleb

Annotations:
D:3 vatarom's ghost, novice FoFi


Message History

Casting: Dazzling Spray
Confirm with . or Enter, or press ? or * to list all spells.
Aiming: Searing Ray
Press: ? - help, Shift-Dir - straight line, f/p - vatarom's ghost
Aim: vatarom's ghost (moderately damaged)
The searing ray hits vatarom's ghost.
Vatarom's ghost is heavily damaged.
Vatarom's ghost hits you.
Casting: Searing Ray
Confirm with . or Enter, or press ? or * to list all spells.
Aiming: Magic Dart
Press: ? - help, Shift-Dir - straight line, f/p - vatarom's ghost
Aim: vatarom's ghost (heavily damaged)
The magic dart hits vatarom's ghost.
Vatarom's ghost is heavily damaged.
Vatarom's ghost hits you!
Ouch! That really hurt!
* * * LOW HITPOINT WARNING * * *
Vatarom's ghost hits you!
You die...

#........##.#######
#.##.##...........#
#.. #..##.#####.#
...$...<...# ###.#
#.#...####### #...#
..##.# #.#.# # #.
#...# #. ##W## ##+#
#@# ##...## #.#
##.....## ###.#
#.......## ##.#.#
.........####....#####
.........'...........#
.........####....###.#
#......>## ##.#.# #.#
##.....## #.#.###.#


You could see vatarom's ghost.

Vanquished Creatures
  2 adders (D:2)
  An ooze (D:2)
  2 worms (D:2)
  2 giant geckos (D:2)
  2 ball pythons
  A giant cockroach (D:1)
  3 goblins (D:1)
  8 hobgoblins
  7 jackals (D:1)
  2 bats
  2 giant newts
  8 kobolds
  7 rats (D:1)
47 creatures vanquished.

Notes
Turn   | Place    | Note
--------------------------------------------------------------
     0 | D:1      | coffecat the Deep Elf Conjurer began the quest for the Orb.
     0 | D:1      | Reached XP level 1. HP: 10/10 MP: 6/6
   230 | D:1      | Reached XP level 2. HP: 12/15 MP: 0/8
   704 | D:1      | Reached skill level 5 in Conjurations
   967 | D:1      | Reached XP level 3. HP: 19/19 MP: 7/9
  1468 | D:2      | Found a shadowy altar of Dithmenos.
  1566 | D:2      | Found a burning altar of Makhleb.
  2141 | D:2      | Reached XP level 4. HP: 16/24 MP: 3/12
  2410 | D:2      | Learned a level 2 spell: Searing Ray
  3037 | D:3      | Learned a level 3 spell: Dazzling Spray
  3111 | D:3      | Noticed vatarom's ghost (novice FoFi)
  3130 | D:3      | HP: 1/24 [vatarom's ghost (15)]
  3138 | D:3      | Mangled by vatarom's ghost

Vault maps used:
D:1:      dpeg_arrival_pits, wad_floor_pattern_untrapped,
          hangedman_decor_slide_cut, minmay_vboxes
D:2:      nicolae_overflow_crystal_walls, grunt_ministairs_14,
          nicolae_dithmenos_through_a_glass_darkly
D:3:      kennysheep_generic_room_5, uniq_robin

Action                   |  1- 3 |  4- 6 || total
-------------------------+-------+-------++-------
Melee: Unarmed           |    10 |       ||    10
       Spear             |     5 |       ||     5
 Cast: Magic Dart        |    91 |    10 ||   101
       Searing Ray       |       |    14 ||    14
       Dazzling Spray    |       |     1 ||     1
  Use: Potion            |     1 |       ||     1
  Eat: Chunk             |     3 |     3 ||     6
